 Dungeon Crawl Stone Soup version 0.25.1-2-g60ff931df9 (webtiles) character file.

Game seed: 5927651856494650567

1818 BledDest the Frost Mage (level 8, -10/46 HPs)
             Began as a Deep Elf Ice Elementalist on July 29, 2020.
             Was an Initiate of Vehumet.
             Mangled by a wyvern skeleton (11 damage)
             ... on level 7 of the Dungeon.
             The game lasted 00:16:44 (8151 turns).

BledDest the Frost Mage (Deep Elf Ice Elementalist) Turns: 8151, Time: 00:16:44

Health: -10/46     AC:  3    Str:  6 (7)  XL:     8   Next: 85%
Magic:  19/19      EV: 15    Int: 26 (27) God:    Vehumet [......]
Gold:   384        SH:  0    Dex: 13 (15) Spells: 7/19 levels left

rFire    . . .     SeeInvis .   w - +2 long sword (elec)
rCold    . . .     Gourm    .   (no shield)
rNeg     + . .     Faith    .   a - +0 robe
rPois    .         Spirit   .   r - +0 helmet
rElec    .         Reflect  .   (no cloak)
rCorr    .         Harm     .   (no gloves)
MR       .....                  (no boots)
Stlth    ++........             A - amulet of inaccuracy
HPRegen  0.15/turn              h - +6 ring of intelligence
MPRegen  0.16/turn              F - ring of positive energy

@: no status effects
A: no striking features
a: Renounce Religion


You were on level 7 of the Dungeon.
You worshipped Vehumet.
Vehumet was noncommittal.
You were not hungry.

You visited 2 branches of the dungeon, and saw 8 of its levels.

You collected 384 gold pieces.

Inventory:

Hand Weapons
 p - a +3 flail of protection
 w - a +2 long sword of electrocution (weapon)
Missiles
 b - 19 poisoned darts (quivered)
Armour
 a - a +0 robe (worn)
 r - a +0 helmet (worn)
Magical Staves
 o - an uncursed staff of air
Jewellery
 h - a +6 ring of intelligence (left hand)
 k - a -4 ring of dexterity
 A - an amulet of inaccuracy (around neck)
 F - a ring of positive energy (right hand)
Wands
 q - a wand of random effects (23)
 E - a wand of disintegration (3)
Scrolls
 d - 5 scrolls of fear
 l - 3 scrolls of teleportation
 n - 3 scrolls of remove curse
 s - a scroll of enchant armour
 v - a scroll of fog
 y - a scroll of identify
Potions
 e - a potion of heal wounds
 f - 2 potions of stabbing {unknown}
 g - a potion of mutation {unknown}
 i - 2 potions of lignification {unknown}
 j - 2 potions of curing
 m - a potion of cancellation
 u - a potion of flight {unknown}
 B - a potion of might {unknown}
 D - a potion of brilliance {unknown}
Comestibles
 c - 10 rations


   Skills:
 + Level 3.3 Fighting
 + Level 5.6 Dodging
 - Level 2.4 Stealth
 + Level 6.2 Spellcasting
 + Level 10.5 Ice Magic


You had 7 spell levels left.
You knew the following spells:

 Your Spells              Type           Power        Failure   Level  Hunger
a - Freeze                Ice            ####         1%          1    None
b - Frozen Ramparts       Ice            ######       1%          3    None
c - Hailstorm             Conj/Ice       #####...     8%          4    ###....
d - Summon Ice Beast      Ice/Summ       #####...     8%          4    ###....

Your spell library contained the following spells:

 Spells                   Type           Power        Failure   Level  Hunger
 Ozocubu's Armour         Chrm/Ice       #####...     2%          3    None


Dungeon Overview and Level Annotations

Branches:
Dungeon (7/15)             Temple (1/1) D:6

Altars:
Ashenzari
Cheibriados
Dithmenos
Elyvilon
Hepliaklqana
Makhleb
Ru
Sif Muna
Trog
Uskayaw
Vehumet
Yredelemnul

Shops:
D:7 :


Message History

A wyvern skeleton comes into view.
Found 17 stones.
Your +3 flail of protection goes still.
You hear the crackle of electricity.
w - a +2 long sword of electrocution (weapon)
The wyvern skeleton barely misses you.
You closely miss the wyvern skeleton. The wyvern skeleton barely misses you.
You riposte.
You slash the wyvern skeleton!
The wyvern skeleton is moderately damaged.
You hit the wyvern skeleton.
The wyvern skeleton is moderately damaged.
The wyvern skeleton bites you! The wyvern skeleton misses you.
You riposte.
You closely miss the wyvern skeleton.
The wyvern skeleton is moderately damaged.
You hit the wyvern skeleton.
The wyvern skeleton is moderately damaged.
The wyvern skeleton bites you!
* * * LOW HITPOINT WARNING * * *
The wyvern skeleton bites you!
You die...

##.#.#...........#
##.#.#..########.#
........# #.#
##$#>##.# #.#
........# #?#
##.##.#.# #.# #.#
.#.# #.# #.# .#.#
#.# #.. .#.# #@#
### .#.########Z#
.....(..#
.........#
########.# .# .#
.# .#


You could see a wyvern skeleton.

Vanquished Creatures
  The ghost of tensugalgo the Shield-Bearer, a novice FoFi (D:4)
  Menkaure (D:4)
  2 ogres
  4 centaurs
  A scorpion (D:4)
  A killer bee (D:7)
  A centaur zombie (D:7)
  A crimson imp (D:5)
  A hound (D:6)
  4 quasits (D:4)
  2 orc priests (D:7)
  2 iguanas
  A jelly (D:5)
  A bullfrog skeleton (D:7)
  5 worker ants
  2 hound skeletons
  A worker ant zombie (D:6)
  Robin (D:3)
  4 gnolls (D:3)
  9 adders
  3 shadow imps
  An ooze (D:3)
  A worm (D:3)
  2 dart slugs (D:1)
  4 leopard geckos
  17 orcs
  2 ball pythons (D:1)
  7 bats
  5 giant cockroaches
  26 goblins
  7 hobgoblins
  10 jackals
  3 quokkas
  8 frilled lizards
  4 kobolds
  8 rats
153 creatures vanquished.

Notes
Turn   | Place    | Note
-------+----------+-------------------------------------------
     0 | D:1      | BledDest the Deep Elf Ice Elementalist began the quest for
                  | the Orb.
     0 | D:1      | Reached XP level 1. HP: 10/10 MP: 6/6
   136 | D:1      | Reached XP level 2. HP: 15/15 MP: 6/8
   236 | D:1      | Reached skill level 5 in Ice Magic
   697 | D:1      | Reached XP level 3. HP: 19/19 MP: 6/9
   708 | D:1      | Learned a level 3 spell: Frozen Ramparts
  1272 | D:2      | Found a hide-covered altar of Uskayaw.
  1281 | D:2      | Found a shadowy altar of Dithmenos.
  1283 | D:2      | Found a burning altar of Makhleb.
  1495 | D:2      | Reached skill level 6 in Ice Magic
  1902 | D:2      | Reached XP level 4. HP: 24/24 MP: 10/10
  3078 | D:3      | Noticed Robin
  3090 | D:3      | Killed Robin
  3090 | D:3      | Reached skill level 7 in Ice Magic
  3090 | D:3      | Reached XP level 5. HP: 20/28 MP: 7/11
  3852 | D:4      | Found a hazy altar of Hepliaklqana.
  4063 | D:4      | Found a transporter.
  4063 | D:4      | Noticed Menkaure
  4073 | D:4      | Killed Menkaure
  4073 | D:4      | Reached skill level 8 in Ice Magic
  4073 | D:4      | Reached XP level 6. HP: 5/32 MP: 5/12
  4353 | D:4      | Noticed tensugalgo's ghost (novice FoFi)
  4360 | D:4      | Found a transporter.
  4595 | D:4      | Reached skill level 9 in Ice Magic
  4596 | D:4      | Reached XP level 7. HP: 36/36 MP: 8/13
  5015 | D:4      | Learned a level 4 spell: Hailstorm
  5080 | D:4      | Killed tensugalgo's ghost
  5080 | D:4      | Reached skill level 1 in Fighting
  5289 | D:5      | Entered Level 5 of the Dungeon
  5539 | D:5      | Reached XP level 8. HP: 44/44 MP: 12/16
  5624 | D:5      | Reached skill level 10 in Ice Magic
  6036 | D:5      | Found the +3 giant club "Skullcrusher" {speed, Str+7}
  6219 | D:5      | Reached skill level 5 in Spellcasting
  7059 | D:6      | Reached skill level 5 in Dodging
  7338 | D:6      | Found a staircase to the Ecumenical Temple.
  7347 | Temple   | Entered the Ecumenical Temple
  7379 | Temple   | Became a worshipper of Vehumet
  7934 | D:6      | Learned a level 4 spell: Summon Ice Beast
  7990 | D:7      | Found Wazxaro's Book Shop.
  8151 | D:7      | HP: 1/46 [wyvern skeleton (13)]
  8151 | D:7      | Mangled by a wyvern skeleton

Illustrated notes

Levels and vault maps discovered:
D:1:      psy_arrival_radial02, layout_basic
D:2:      layout_loops_cross, minitemple, first_ration
D:3:      layout_basic, uniq_robin
D:4:      cheibrodos_greedy_goblins, layout_loops_ring, lemuel_crystal_altar,
          gammafunk_ghost_stat_death, uniq_menkaure
D:5:      layout_rooms
D:6:      layout_loops_cross, minmay_temple_entry_poolview
D:7:      hangedman_cross_stitches, layout_loops_ring, serial_shops,
          shop_statue, chequers_ossuary_entry_cave
Temple:   eino_temple_scatter_basement

Skill      XL: |  1  2  3  4  5  6  7  8 |
---------------+-------------------------+-----
Ice Magic      | 5 6 7 8 9 10 | 10.5
Fighting       | 1 3 |  3.3
Dodging        | 3 5 |  5.6
Spellcasting   | 4 6 |  6.2
Stealth        | |  2.4

Action                   |  1- 3 |  4- 6 |  7- 9 || total
-------------------------+-------+-------+-------++-------
Melee: Hand axe          |    70 |     5 |       ||    75
       Unarmed           |     1 |       |       ||     1
       Flail             |       |    71 |    46 ||   117
       Long sword        |       |     1 |     3 ||     4
       Staff             |       |       |    57 ||    57
 Cast: Freeze            |    33 |    23 |    24 ||    80
       Frozen Ramparts   |       |     5 |    17 ||    22
       Hailstorm         |       |       |     4 ||     4
  Use: Scroll            |       |       |    15 ||    15
       Potion            |       |       |     2 ||     2
 Stab: Sleeping          |     9 |     2 |       ||    11
  Eat: Chunk             |     3 |     9 |     7 ||    19
       Ration            |       |       |     2 ||     2
Armor: Robe              |    23 |    23 |    36 ||    82
Dodge: Dodged            |    86 |    68 |   147 ||   301
       Rpst.: Long sword |       |       |     2 ||     2
